AoeStats
← 小桦

Arabia

505619793Analyzed
1v1 RM · 23d ago on Sep 10, 2026· 45m 22s· 2 players
Game mode
Random Map
Map size
Tiny (2 player)
Population
200
Speed
Normal
Resources
Standard
Victory
Conquest
Starting age
Dark Age
Ending age
Imperial Age
RankedLock teamsTeams togetherTeam positionsShared explorationLock speedFull tech treeHidden civsTurbo modeCheats
Victory
Defeat
🇨🇳 Koreans · China
1412
+18
🇦🇹 Celts · Austria
1450
-18
小桦
5:45 Loom
6:27 Loom
9:00 Feudal Age
11:21 Fletching
16:00 Double-Bit Axe
23:02 Castle Age
21:38 Horse Collar
21:50 Gold Mining
23:17 Scale Barding Armor
23:06 Crossbowman
23:43 Bodkin Arrow
25:08 Wheelbarrow
24:49 Bow Saw
28:59 Wheelbarrow
36:44 Imperial Age
34:03 Town Watch
34:48 Stone Mining
36:57 Chain Barding Armor
38:06 Bracer
38:26 Arbalester
39:11 Thumb Ring
40:00 Husbandry
40:12 Forging
41:41 Iron Casting
40:55 Cavalier
43:25 Chemistry
42:45 Hand Cart
45:14 Light Cavalry
Dingodan
7:02 Loom
9:10 Feudal Age
10:01 Double-Bit Axe
10:17 Man-at-Arms
12:06 Horse Collar
13:00 Fletching
15:01 Padded Archer Armor
22:23 Castle Age
23:11 Bodkin Arrow
22:39 Elite Skirmisher
23:36 Bow Saw
24:05 Gold Mining
25:29 Town Watch
25:51 Heavy Plow
27:16 Wheelbarrow
26:22 Long Swordsman
27:20 Pikeman
28:46 Ballistics
30:59 Sanctity
31:18 Scale Mail Armor
37:09 Imperial Age
34:58 Hand Cart
37:49 Leather Archer Armor
37:49 Chain Mail Armor
38:26 Capped Ram
40:47 Ring Archer Armor
41:19 Chemistry
40:30 Masonry
41:25 Chemistry
40:31 Siege Engineers
40:13 Halberdier
42:35 Hoardings
44:16 Plate Mail Armor
43:56 Forging
45:44 Husbandry
45:08 Light Cavalry
Connection lost

Rejoining the realm…

Still unreachable

The connection could not be restored.

Session expired

The server has moved on; the page needs a fresh start.